 Dungeon Crawl Stone Soup version 0.32-a0-616-g9348d4545b (webtiles) character file.

Game seed: 8692618345492535557

9581 jasper the Martial Artist (level 11, -6/90 HPs)
             Began as a Demonspawn Wanderer on Mar 5, 2024.
             Was a Believer of Wu Jian.
             Mangled by a troll (14 damage)
             ... on level 10 of the Dungeon.
             The game lasted 00:20:48 (12611 turns).

jasper the Martial Artist (Demonspawn Wanderer)    Turns: 12611, Time: 00:20:49

Health: -6/90      AC:  6    Str: 14    XL:     11   Next: 24%
Magic:  12/12      EV: 17    Int: 13    God:    Wu Jian [**....]
Gold:   849        SH:  0    Dex: 21    Spells: 11/12 levels left

rFire   . .          .
                       - Unarmed
rCold   . . .        (no shield)
rNeg    . . .        E - +0 troll leather armour
rPois   .            (helmet unavailable)
rElec   .            d - +1 cloak
rCorr   .            (no gloves)
SInv    +            s - +0 pair of boots
Will    .....        (no amulet)
Stlth   ++           t - +6 ring of dexterity
HPRegen 1.15/turn    k - ring of flight
MPRegen 0.26/turn

%: no passive effects
@: flying
A: antennae 3, hooves 2, demonic guardian 1, magic regeneration
a: Renounce Religion, Wall Jump


You were on level 10 of the Dungeon.
You worshipped Wu Jian.
Wu Jian was pleased with you.
You visited 2 branches of the dungeon, and saw 11 of its levels.

You collected 849 gold pieces.

Inventory:

Hand Weapons
 a - a +1 dagger
 l - a +0 quarterstaff
Missiles
 e - 131 stones
 f - 10 atropa-tipped darts
 r - 9 poisoned darts
 D - 3 boomerangs
 F - 3 darts of dispersal
Armour
 c - a +0 robe
 d - a +1 cloak (worn)
 g - a +0 ring mail
 s - a +0 pair of boots (worn)
 E - a +0 troll leather armour (worn)
Jewellery
 k - a ring of flight (right hand)
 q - a +6 ring of intelligence
 t - a +6 ring of dexterity (left hand)
Talismans
 o - a dragon-blood talisman
Wands
 h - a wand of iceblast (6)
 p - a wand of paralysis (3)
 y - a wand of polymorph (8)
 A - a wand of flame (10)
Scrolls
 b - 6 scrolls of teleportation
 n - a scroll of noise
 u - a scroll of fear
 x - a scroll of amnesia
 C - a scroll of revelation
Potions
 m - 2 potions of might {unknown}
 v - 3 potions of heal wounds {unknown}
 w - 2 potions of enlightenment {unknown}
 z - 2 potions of cancellation {unknown}
 B - a potion of brilliance {unknown}


   Skills:
 - Level 10.0 Fighting
 + Level 8.4 Dodging
 - Level 2.6 Stealth
 - Level 10.0 Unarmed Combat
 - Level 1.0 Spellcasting
 - Level 1.7 Ice Magic
 - Level 3.6 Earth Magic
 - Level 3.3 Evocations


You had 11 spell levels left.
You knew the following spells:

 Your Spells              Type           Power      Damage    Failure   Level
a - Sandblast             Erth           20%        2d7       9%          1

Your spell library contained the following spells:

 Spells                   Type           Power      Damage    Failure   Level
 Freeze                   Ice            20%        1d4       17%         1
 Sting                    Conj/Alch      0%         1d3       34%         1
 Mercury Vapours          Alch/Air       0%         N/A       47%         2
 Scorch                   Fire           0%         2d5       47%         2
 Hailstorm                Conj/Ice       2%         3d5       58%         3
 Animate Armour           Summ/Erth      10%        N/A       86%         4
 Petrify                  Alch/Erth      5%         N/A       86%         4
 Flame Wave               Conj/Fire      0%         2d4       98%         4
 Manifold Assault         Tloc           0%         N/A       98%         4
 Olgreb's Toxic Radiance  Alch           0%         N/A       98%         4
 Dispersal                Tloc           0%         N/A       100%        6
 Summon Cactus Giant      Summ           0%         N/A       100%        6
 Disjunction              Tloc           0%         N/A       100%        8


Dungeon Overview and Level Annotations

Branches:
Dungeon (10/15)            Temple (1/1) D:6            Lair (0/5) D:10
    Orc: D:9-12

Altars:
Ashenzari
Cheibriados
Dithmenos
Fedhas
Gozag
Hepliaklqana
Kikubaaqudgha
Makhleb
Nemelex Xobeh
Okawaru
Qazlal
Ru
Sif Muna
Trog
Vehumet
Wu Jian
Xom
Yredelemnul

Shops:
D:8 (

Annotations:
D:8 exclusions: oklob plant and oklob sapling
D:10 3 runed translucent doors, Grum


Innate Abilities, Weirdness & Mutations

You have a pair of large antennae on your head. (SInv)
You have hoof-like feet.
A weak demonic guardian rushes to your aid.
You regenerate magic rapidly.


Message History

The troll barely misses you.
You take 8 damage, and have 80/90 hp.
You barely miss the troll.
The troll is moderately wounded.
The troll barely misses you. The troll claws you! The troll closely misses you.
You take 7 damage, and have 73/90 hp.
You hit the troll.
The troll is moderately wounded.
The troll bites you! The troll claws you! The troll barely misses you.
You take 21 damage, and have 52/90 hp.
MASSIVE DAMAGE!!
You hit the troll.
The troll is moderately wounded.
You completely miss the troll.
The troll is moderately wounded.
The troll barely misses you. The troll claws you but does no damage.
The troll claws you!
You take 6 damage, and have 47/90 hp.
The troll attacks as it pursues you! The troll bites you!
The troll claws you but does no damage. The troll barely misses you.
Your iron imp hits the troll!
You take 12 damage, and have 35/90 hp.
Your iron imp hits the troll!
You closely miss the troll.
The troll is severely wounded.
The troll bites you! The troll claws you. The troll completely misses you.
You take 8 damage, and have 28/90 hp.
You closely miss the troll.
The troll is severely wounded.
Your iron imp closely misses the troll.
The troll bites you!
* * * LOW HITPOINT WARNING * * *
The troll completely misses you. The troll claws you!
* * * LOW HITPOINT WARNING * * *
You take 22 damage, and have 6/90 hp.
MASSIVE DAMAGE!!
You hit the troll.
The troll is severely wounded.
The troll misses you. x3; Your iron imp hits the troll!
You closely miss the troll.
The troll is almost dead.
The troll bites you!
You die...

#...#
#...#
#..#
#...#
#...#
#..#
#...#
#...#
#..#
#...#
#...#
#..#
#...#
#...#
#..#
#..#
#..#
#..#
#@.#
#T.#
#.5#
#..#
{
#..#
...#
{
...#
##..#
##
#####
#..#


You could see a troll (ally target) and a friendly iron imp (summoned).

Vanquished Creatures
  A two-headed ogre (D:9)
  Lodul (D:10)
  A cyclops (D:6)
  A komodo dragon (D:10)
  3 trolls
  A hornet (D:8)
  3 wyverns
  A wraith (D:9)
  18 yaks
  3 water moccasins
  A swamp drake (D:10)
  2 orc warriors
  2 ice beasts
  9 ogres
  2 centaurs
  A phantom (D:5)
  A kobold brigand (D:7)
  A bullfrog (D:7)
  3 scorpions
  A gnoll sergeant (D:6)
  3 wights
  6 killer bees (D:9)
  7 howler monkeys
  2 bombardier beetles
  A hound (D:5)
  3 orc priests
  A gnoll bouda (D:8)
  An iguana (D:5)
  11 orc wizards
  A sleepcap (D:5)
  3 gnolls (D:8)
  10 adders
  A white imp (D:7)
  2 ufetubi (D:6)
  4 dart slugs
  24 orcs
  16 ball pythons
  6 bats
  9 endoplasms
  5 giant cockroaches
  5 goblins
  3 hobgoblins
  13 jackals
  3 quokkas
  4 frilled lizards
  7 kobolds
  8 rats
215 creatures vanquished.

Vanquished Creatures (collateral kills)
  5 wights
5 creatures vanquished.

Vanquished Creatures (others)
  An orc (D:9)
1 creature vanquished.

Grand Total: 221 creatures vanquished

Notes
Turn   | Place    | Note
-------+----------+-------------------------------------------
     0 | D:1      | jasper the Demonspawn Wanderer began the quest for the Orb.
     0 | D:1      | jasper set off with the following items: a +0 dagger, a
                  | scroll of teleportation, a +0 robe, a +0 cloak; and the
                  | following spells available to memorise: Sandblast, Freeze,
                  | Hailstorm, Animate Armour, Petrify.
     0 | D:1      | Reached XP level 1. HP: 13/13 MP: 2/2
     2 | D:1      | Learned a level 1 spell: Sandblast
    71 | D:1      | Reached skill level 1 in Fighting
   163 | D:1      | Discovered your monstrous ancestry.
   163 | D:1      | Gained mutation: You have a pair of small antennae on your
                  | head. [demonic ancestry]
   163 | D:1      | Reached XP level 2. HP: 22/22 MP: 0/3
   665 | D:1      | Gained mutation: You have a pair of antennae on your head.
                  | [demonic ancestry]
   665 | D:1      | Reached XP level 3. HP: 27/27 MP: 2/4
   703 | D:1      | Reached skill level 1 in Unarmed Combat
  1117 | D:2      | Reached skill level 1 in Dodging
  1206 | D:2      | Gained mutation: You have large cloven feet. [demonic
                  | ancestry]
  1206 | D:2      | Reached XP level 4. HP: 22/34 MP: 0/5
  1878 | D:3      | Found a faded altar of an unknown god.
  2415 | D:3      | Reached XP level 5. HP: 20/40 MP: 1/6
  2884 | D:4      | Noticed an ogre
  2889 | D:4      | Killed an ogre
  3008 | D:4      | Found a basalt altar of Yredelemnul.
  3320 | D:4      | Reached XP level 6. HP: 38/47 MP: 1/7
  3475 | D:5      | Entered Level 5 of the Dungeon
  3575 | D:5      | Found a burning altar of Makhleb.
  3575 | D:5      | Noticed a water moccasin
  3586 | D:5      | Killed a water moccasin
  3605 | D:5      | Noticed an ice beast
  3614 | D:5      | Killed an ice beast
  3926 | D:5      | Gained mutation: You have a pair of large antennae on your
                  | head. (SInv) [demonic ancestry]
  3926 | D:5      | Reached XP level 7. HP: 54/54 MP: 2/8
  4461 | D:5      | Reached skill level 5 in Unarmed Combat
  4805 | D:5      | Found a sparkling altar of Nemelex Xobeh.
  4805 | D:5      | Found an opulent altar of Gozag.
  5083 | D:6      | Found a staircase to the Ecumenical Temple.
  5091 | Temple   | Entered the Ecumenical Temple
  5112 | Temple   | Became a worshipper of the Wu Jian Council
  5175 | Temple   | Gained mutation: A weak demonic guardian rushes to your
                  | aid. [demonic ancestry]
  5175 | Temple   | Reached XP level 8. HP: 16/61 MP: 6/9
  5379 | Temple   | Reached skill level 5 in Fighting
  5413 | D:6      | Noticed a troll
  5421 | D:6      | Noticed a cyclops
  5433 | D:7      | Noticed a troll
  5720 | D:7      | Killed a troll
  6854 | D:8      | Found Zuneun's Antique Weapon Shoppe.
  6857 | D:8      | Noticed an oklob plant
  6902 | D:8      | Noticed a hornet
  6912 | D:8      | Killed a hornet
  6913 | D:8      | Reached XP level 9. HP: 63/69 MP: 10/10
  6921 | D:8      | Reached skill level 5 in Dodging
  7110 | D:7      | Killed a troll
  7333 | D:6      | Found a radiant altar of Vehumet.
  7422 | D:6      | Reached * piety under Wu Jian
  7758 | D:6      | Killed a cyclops
  9704 | D:9      | Gained mutation: You regenerate magic rapidly. [demonic
                  | ancestry]
  9704 | D:9      | Reached XP level 10. HP: 38/79 MP: 11/11
 10338 | D:9      | Noticed a two-headed ogre
 10348 | D:9      | Killed a two-headed ogre
 10642 | D:9      | Reached skill level 10 in Unarmed Combat
 11082 | D:9      | Reached ** piety under Wu Jian
 11630 | D:10     | Entered Level 10 of the Dungeon
 11630 | D:10     | Noticed Grum
 11763 | D:10     | Gained mutation: You have hoof-like feet. [demonic
                  | ancestry]
 11763 | D:10     | Reached XP level 11. HP: 39/89 MP: 12/12
 12125 | D:10     | Found a staircase to the Lair.
 12321 | D:10     | Found a runed translucent gate.
 12321 | D:10     | Found a runed translucent gate.
 12322 | D:10     | Found a runed translucent gate.
 12336 | D:10     | Noticed Lodul
 12380 | D:10     | Killed Lodul
 12381 | D:10     | Reached skill level 10 in Fighting
 12611 | D:10     | Mangled by a troll

Illustrated notes

Levels and vault maps discovered:
D:1:      psy_arrival_conway, layout_rooms
D:2:      layout_loops_ring
D:3:      layout_rooms, ebering_ecumenical_altar_sacrificial,
          minmay_misc_feat_five
D:4:      layout_cave_pools, mainiacjoe_overflow_six_doors_small
D:5:      layout_loops_corners, grunt_temple_overflow_opulence,
          general_overflow_altar, nicolae_twisty_statue_hallways
D:6:      minmay_cornered_nines, layout_gridville, nicolae_vehumet_altar_sigil,
          minmay_temple_entry_grid, minivault_24
D:7:      layout_basic, serial_library_hellmonk_double_dead_end
D:8:      layout_basic, lemuel_round_altar, serial_shops, nicolae_shop_trees,
          introduction_to_nature_1
D:9:      layout_basic
D:10:     layout_long_grid, erik_lair_dragon, gammafunk_ghost_spectres,
          uniq_grum, uniq_amaemon, uniq_lodul, uniq_snorg
Temple:   minmay_temple_bridge_d

Skill      XL: |  1  2  3  4  5  6  7  8  9 10 11 |
---------------+----------------------------------+-----
Fighting       | 1 2 3 4 5 7 9 10 | 10.0
Unarmed Combat | 1 2 3 4 5 7 8 10 | 10.0
Dodging        | 1 2 3 4 6 7 8 |  8.4
Evocations     | 3 |  3.3
Stealth        | |  2.6
Spellcasting   | |  1.0
Ice Magic      | |  1.7
Earth Magic    | |  3.6

Action                     |  1- 3 |  4- 6 |  7- 9 | 10-12 || total
---------------------------+-------+-------+-------+-------++-------
  Melee: Dagger            |    73 |       |       |       ||    73
         Unarmed           |       |    86 |   422 |   275 ||   783
         Kick              |       |    33 |       |       ||    33
         Punch             |       |       |    19 |    24 ||    43
  Throw: Dart              |       |       |       |     3 ||     3
   Cast: Sandblast         |    55 |    59 |    41 |     4 ||   159
Ability: Lunge             |       |       |    17 |    17 ||    34
         Whirlwind         |       |       |     1 |    14 ||    15
  Evoke: Wand              |       |     2 |    15 |     5 ||    22
    Use: Scroll            |     2 |     4 |     5 |     2 ||    13
         Potion            |       |     1 |     4 |     5 ||    10
   Stab: Paralysed         |       |    12 |    39 |     5 ||    56
         Invisible         |       |       |     1 |       ||     1
         Sleeping          |       |       |     1 |       ||     1
         Distracted        |       |       |       |     1 ||     1
 Armour: Robe              |    61 |     1 |       |       ||    62
         Ring mail         |       |    53 |   251 |    71 ||   375
         Skin              |       |       |       |    28 ||    28
         Troll leather arm |       |       |       |    30 ||    30
  Dodge: Dodged            |    52 |    49 |   178 |   117 ||   396

Table legend: (Time is in decaauts)
 A = Elapsed time spent in this place.
 B = Non-inter-level travel time spent in this place.
 C = Inter-level travel time spent in this place.
 D = Time resting spent in this place.
 E = Time spent auto-exploring this place.
 F = Levels seen in this place.
 G = Mean time per level.
                   A        B        C        D        E       F      G
               +--------+--------+--------+--------+--------+-----+--------+
         Total |  12562 |  11993 |    569 |   2067 |   7770 |  11 | 1142.0 |
       Dungeon |  12320 |  11791 |    529 |   1895 |   7770 |  10 | 1232.0 |
        Temple |    242 |    202 |     40 |    171 |      0 |   1 |  242.0 |
               +--------+--------+--------+--------+--------+-----+--------+

Top non-repeatable levels by time:
     D:9: 2434 daAuts
     D:7: 1657 daAuts
     D:5: 1514 daAuts
     D:2: 1274 daAuts
     D:6: 1159 daAuts
     D:8: 1127 daAuts
    D:10: 882 daAuts
     D:1: 875 daAuts
     D:3: 707 daAuts
     D:4: 687 daAuts
  Temple: 242 daAuts
